 Dungeon Crawl Stone Soup version 0.17-a0-1945-gfe993df (webtiles) character file.

42 4thArraOfDagon the Ruffian (level 3, -5/26 HPs)
             Began as a Ghoul Conjurer on Sept 30, 2015.
             Was an Initiate of Cheibriados.
             Slain by Blork the orc
             ... wielding a +0 battleaxe
              (14 damage)
             ... on level 4 of the Dungeon.
             The game lasted 00:03:54 (648 turns).

4thArraOfDagon the Ruffian (Ghoul Conjurer)          Turns: 648, Time: 00:03:54

Health: -5/26      AC:  3    Str: 15    XL:     3   Next: 54%
Magic:  4/4        EV: 12    Int: 12    God:    Cheibriados [......]
Gold:   27         SH:  0    Dex: 10    Spells: 1 memorised, 4 levels left

rFire  . . .     SeeInvis .       - Unarmed
rCold  + . .     Clarity  .     a - +1 robe
rNeg   + + +     SustAt   .     (no shield)
rPois  ∞         Gourm    .     (no helmet)
rElec  .         Spirit   .     (no cloak)
rCorr  .         Warding  .     (no gloves)
rMut   .         Stasis   .     (no boots)
MR     .....                    (no amulet)
Stlth  ++........               f - +3 ring of strength
                                g - +2 ring of slaying

@: about to teleport, rotting, very slow, not resistant to hostile enchantments,
unstealthy
A: rotting body, claws 1, carnivore 3, cold resistance 1, negative energy
resistance 3, slow healing 1, torment resistance, unbreathing
a: Bend Time, Renounce Religion


You were on level 4 of the Dungeon.
You worshipped Cheibriados.
Cheibriados was noncommittal.
You were not hungry.

You visited 2 branches of the dungeon, and saw 5 of its levels.

You collected 27 gold pieces.

Inventory:

Armour
 a - a +1 robe (worn)
Jewellery
 f - a +3 ring of strength (right claw)
 g - a +2 ring of slaying (left claw)
Scrolls
 e - 2 scrolls of remove curse
Books
 b - a book of Conjurations

   Spells                             Type                      Level
   a - Magic Dart                     Conjuration                  1
   b - Searing Ray                    Conjuration                  2
   c - Dazzling Spray                 Conjuration/Hexes            3
   d - Fulminant Prism                Conjuration/Hexes            4
   e - Iskenderun's Mystic Blast      Conjuration                  4
   f - Iskenderun's Battlesphere      Conjuration/Charms           5
Comestibles
 c - 2 meat rations
 h - 9 chunks of flesh


   Skills:
 + Level 0.0 Fighting
 + Level 0.0 Armour
 + Level 1.7 Dodging
 - Level 2.1 Stealth
 * Level 3.3 Unarmed Combat
 - Level 1.7 Spellcasting
 - Level 3.2 Conjurations
 + Level 0.0 Invocations


You had 4 spell levels left.
You knew the following spells:

 Your Spells              Type           Power        Failure   Level  Hunger
a - Magic Dart            Conj           #...         10%         1    ##.....


Dungeon Overview and Level Annotations

Branches:
Dungeon (4/15)             Temple (1/1) D:4

Altars:
Ashenzari
Cheibriados
Qazlal
Sif Muna
Yredelemnul

Shops:
D:4 !

Annotations:
D:4 Blork the orc; Edirash's ghost, experienced HaHu; Edmund; Natasha


Innate Abilities, Weirdness & Mutations

Your body is rotting away.
You thrive on raw meat.
You are immune to poison.
You have sharp fingernails.
You are carnivorous and can eat meat at any time.
Your flesh is cold resistant.
You are immune to negative energy.
You heal slowly when monsters are visible.
You are immune to unholy pain and torment.
You can survive without breathing.


Message History

This raw flesh tastes great!
Blork the orc gestures wildly while chanting.
Blork the orc seems to speed up.
You continue eating.
The orc hits you with a club.
You continue eating.
Unknown command.
Eat one of 10 chunks of flesh? (ye/n/q/i?) This raw flesh tastes great!
The orc hits you with a club.
You continue eating.
The orc hits you with a club!
You continue eating.
Unknown command.
Unknown command.
Read which item? (? for menu, Esc to quit)
As you read the scroll of teleportation, it crumbles to dust.
You feel strangely unstable.
Blork the orc hits you with a battleaxe!
Ouch! That really hurt!
You die...

#.###..#
#.#.......# ..#
.... ..#.#.###.#
#.....
#$..###.#.###.#
####... (.
#..o....# ## ..
.. ###.##### .#
S.. #o# .# #o# .#
#o# .# #@# .#
##.# .# #..# .#
#.## ## #######
#.#
#####.....#####.#
......###.....%.#
####..# #.#######
#..# #.#


You could see Blork the orc and 3 orcs.

Vanquished Creatures
  An ooze (D:1)
  A worm (D:3)
  7 orcs (D:3)
  2 bats
  A giant cockroach (D:3)
  2 hobgoblins
  5 jackals
  2 goblins (D:3)
  3 kobolds
  2 rats
26 creatures vanquished.

Notes
Turn   | Place    | Note
--------------------------------------------------------------
     0 | D:1      | 4thArraOfDagon the Ghoul Conjurer began the quest for the Orb.
     0 | D:1      | Reached XP level 1. HP: 14/14 MP: 2/2
    64 | D:1      | Reached skill level 1 in Unarmed Combat
   111 | D:2      | Reached XP level 2. HP: 20/20 MP: 0/3
   218 | D:3      | ops
   344 | D:3      | Reached XP level 3. HP: 20/26 MP: 4/4
   517 | D:4      | Found a staircase to the Ecumenical Temple.
   526 | Temple   | Entered the Ecumenical Temple
   536 | Temple   | Became a worshipper of Cheibriados the Contemplative
   554 | D:4      | Noticed Edmund
   557 | D:4      | Noticed an ogre
   557 | D:4      | Noticed Edirash's ghost (experienced HaHu)
   559 | D:4      | Noticed Natasha
   576 | D:4      | Found Muyqecai's Distillery.
   636 | D:4      | Noticed Blork the orc
   648 | D:4      | Slain by Blork the orc

Vault maps used:
D:1:      dpeg_arrival_houses_and_road, bh_walls_and_bars
D:2:      uniq_crazy_yiuf_cottage, uniq_terence
D:3:      grunt_ministairs_11, fedhas_altar_fruit_tree
D:4:      grunt_temple_overflow_growth_and_decay, minmay_temple_entry_hall,
          serial_shops, shop_fountains, first_bread, uniq_blork_the_orc,
          uniq_natasha, uniq_edmund, uniq_grinder
Temple:   eino_temple_water_12

Action                   || total
-------------------------++-------
Melee: Unarmed           ||   104
 Cast: Magic Dart        ||     3
  Use: Scroll            ||     8
       Potion            ||     2
 Stab: Sleeping          ||     3
  Eat: Chunk             ||    12
